 Dungeon Crawl Stone Soup version 0.23.2-33-g5129a83184 (webtiles) character file.

Game seed: 7931567255363960476

9 Ebbett the Magician (level 2, 0/18 HPs)
             Began as an Octopode Wizard on July 21, 2019.
             Slain by a jackal (2 damage)
             ... on level 1 of the Dungeon.
             The game lasted 00:07:29 (379 turns).

Ebbett the Magician (Octopode Wizard)                Turns: 379, Time: 00:07:29

Health: 0/18       AC:  1    Str:  6    XL:     2   Next: 16%
Magic:  6/6        EV: 13    Int: 20    God:
Gold:   47         SH:  0    Dex: 10    Spells: 6/7 levels left

rFire    . . .     SeeInvis .   i - +0 dagger
rCold    . . .     Gourm    .   (no shield)
rNeg     . . .     Faith    .   a - +0 hat
rPois    .         Spirit   .   (no amulet)
rElec    .         Reflect  .   (no ring)
rCorr    .         Harm     .   (no ring)
MR       .....                  (no ring)
Stlth    +++.......             (no ring)
HPRegen  0.06/turn              (no ring)
MPRegen  0.10/turn              (no ring)
                                (no ring)
                                (no ring)

@: no status effects
A: almost no armour, stealthy swim, amphibious, 8 rings, constrict 8, camouflage
1, gelatinous body 1
a: no special abilities


You were on level 1 of the Dungeon.
You were not hungry.

You visited 1 branch of the dungeon, and saw 1 of its levels.

You collected 47 gold pieces.

Inventory:

Hand Weapons
 h - a +0 club
 i - a +0 dagger (weapon)
Missiles
 g - 4 poisoned needles
Armour
 a - a +0 hat (worn)
 e - a +0 naga barding
Scrolls
 b - a scroll of immolation {unknown}
 d - a scroll of identify {unknown}
Potions
 f - a potion of resistance {unknown}
Comestibles
 c - 4 rations


   Skills:
 + Level 0.3 Fighting
 + Level 2.1 Dodging
 + Level 3.0 Stealth
 + Level 0.4 Unarmed Combat
 + Level 3.1 Spellcasting
 + Level 1.0 Conjurations
   Level 1.0 Summonings
   Level 1.0 Translocations


You had 6 spell levels left.
You knew the following spells:

 Your Spells              Type           Power        Failure   Level  Hunger
a - Magic Dart            Conj           #...         10%         1    None

Your spell library contained the following spells:

 Spells                   Type           Power        Failure   Level  Hunger
 Blink                    Tloc           N/A          14%         2    ##.....
 Call Imp                 Summ           #.......     14%         2    ##.....
 Slow                     Hex            #.......     22%         2    ##.....
 Conjure Flame            Conj/Fire      #.......     34%         3    ###....
 Mephitic Cloud           Conj/Pois/Air  #.......     36%         3    ###....


Dungeon Overview and Level Annotations

Branches:
Dungeon (1/15)

Altars:


Innate Abilities, Weirdness & Mutations

You cannot wear most types of armour.
You are very stealthy in the water. (Stealth+)
You are amphibious.
You can wear up to eight rings at the same time.
You can use your tentacles to constrict eight enemies at once.
Your skin changes colour to match your surroundings (Stealth+).
Your rubbery body absorbs attacks. (AC +1, EV +1)


Message History

The hobgoblin closely misses you.
You hit the hobgoblin.
You kill the hobgoblin!
Your Stealth skill increases to level 3!
The jackal bites you. x3
The jackal bites you.
* * * LOW HITPOINT WARNING * * *
The jackal closely misses you. The jackal barely misses you.
You see here a hobgoblin corpse.
You hit the jackal. You grab the jackal.
The jackal is moderately wounded.
You constrict the jackal, but do no damage.
The jackal closely misses you. The jackal misses you.
The jackal closely misses you.
You release your grip on the jackal.
The jackal completely misses you. The jackal bites you.
* * * LOW HITPOINT WARNING * * *
The ooze closely misses you. The jackal misses you. The jackal bites you.
You die...

### ..#
#########.####
........h!...#
#...Jh@.# #
.....####..#.#
### #..#.#
#....# #..###
#..# #..#
###..# #....#


You could see an ooze and 2 jackals.

Vanquished Creatures
  3 bats (D:1)
  A hobgoblin (D:1)
  2 goblins (D:1)
  4 rats (D:1)
10 creatures vanquished.

Vanquished Creatures (others)
  5 toadstools (D:1)
5 creatures vanquished.

Grand Total: 15 creatures vanquished

Notes
Turn   | Place    | Note
-------+----------+-------------------------------------------
     0 | D:1      | Ebbett the Octopode Wizard began the quest for the Orb.
     0 | D:1      | Reached XP level 1. HP: 11/11 MP: 4/4
   336 | D:1      | Reached XP level 2. HP: 9/17 MP: 6/6
   379 | D:1      | Slain by a jackal

Skill      XL: |  1  2 |
---------------+-------+-----
Stealth        | 3 |  3.0
Fighting       | |  0.3
Dodging        | |  2.1
Unarmed Combat | |  0.4
Spellcasting   | |  3.1
Conjurations   | |  1.0
Summonings     | |  1.0
Translocations | |  1.0

Action                   || total
-------------------------++-------
Melee: Unarmed           ||    23
       Constrict         ||     9
       Club              ||     7
       Tentacles         ||     4
       Dagger            ||     4
 Stab: Sleeping          ||     2
Armor: Skin              ||     3
Dodge: Dodged            ||    37
